 Dungeon Crawl Stone Soup version 0.31.0-32-g396128a36d (webtiles) character file.

Game seed: 4889854666711986697

53322 KittyFluff the Mimic (level 14, -4/141 HPs)
             Began as a Troll Shapeshifter on Apr 13, 2024.
             Was a High Priest of Trog.
             Slain by a cane toad (12 damage)
             ... on level 5 of the Lair of Beasts.
             The game lasted 01:24:22 (14809 turns).

KittyFluff the Mimic (Troll Shapeshifter)          Turns: 14809, Time: 01:24:25

Health: -4/141     AC: 13    Str: 29    XL:     14   Next: 30%
Magic:  13/13      EV: 10    Int:  6    God:    Trog [*****.]
Gold:   1393       SH: 14    Dex:  9    Spells: 13/13 levels left

rFire   . . .        A - +2 hand axe (flame)
rCold   . . .        T - +0 kite shield
rNeg    . . .        w - +0 troll leather armour
rPois   .            (helmet currently unavailable)
rElec   .            (cloak currently unavailable)
rCorr   .            (gloves unavailable)
SInv    .            (boots unavailable)
Will    +....        H - amulet of reflection
Stlth   +            g - +4 ring of protection
HPRegen 2.03/turn    t - +4 ring of protection
MPRegen 0.13/turn

%: reflection
@: lethally poisoned (-4 -> -9), beast-form, studying 2 skills
A: beast (slay +4), large, unfitting armour, claws 3, regeneration 1, shaggy fur
1, tough skin 1
a: Begin Untransformation, Renounce Religion, Berserk, Trog's Hand, Brothers in
Arms


You were on level 5 of the Lair of Beasts.
You worshipped Trog.
Trog was extremely pleased with you.
You were a hulking beast.
You visited 3 branches of the dungeon, and saw 17 of its levels.
You also visited: Bailey.

You collected 1478 gold pieces.
You spent 85 gold pieces at shops.

Inventory:

Hand Weapons
 n - a +3 antimagic sling
 A - a +2 hand axe of flaming (weapon)
 E - a +1 whip of electrocution
 J - the +7 trident "Zaghistra" {protect, rF+ Will- Str+6 Stlth+}
   (You found it in a bailey)

   Str+6:     It affects your strength (+6).
   rF+:       It protects you from fire.
   Will-:     It decreases your willpower.
   Stlth+:    It makes you more stealthy.
Missiles
 a - 109 stones (quivered)
 i - 38 boomerangs
 k - 3 javelins
 D - 33 poisoned darts
 K - a curare-tipped dart
 S - 6 atropa-tipped darts
Armour
 w - a +0 troll leather armour (worn)
 y - a +1 cloak of willpower
 O - +0 steam dragon scales
 T - a +0 kite shield (worn)
 Y - an orb of mayhem
Jewellery
 g - a +4 ring of protection (left claw)
 t - a +4 ring of protection (right claw)
 z - a ring of see invisible
 H - an amulet of reflection (around neck)
Talismans
 c - a beast talisman
 R - a flux talisman
Wands
 d - a wand of paralysis (6)
 r - a wand of polymorph (21)
 C - a wand of acid (25)
 F - a wand of flame (54)
 L - a wand of digging (20)
 Z - a wand of mindburst (5)
Scrolls
 f - 2 scrolls of summoning {unknown}
 h - 6 scrolls of fog
 j - 2 scrolls of fear
 o - 3 scrolls of blinking
 u - 6 scrolls of teleportation
 I - 4 scrolls of revelation {unknown}
 M - 2 scrolls of vulnerability {unknown}
 N - 4 scrolls of enchant armour {unknown}
 P - a scroll of torment {unknown}
 U - 3 scrolls of immolation {unknown}
 W - 2 scrolls of enchant weapon {unknown}
 X - a scroll of acquirement
Potions
 b - 3 potions of lignification
 e - 2 potions of resistance {unknown}
 l - 5 potions of heal wounds
 m - 3 potions of enlightenment
 p - 4 potions of haste
 q - 2 potions of cancellation
 s - 4 potions of curing
 v - a potion of invisibility
 x - 3 potions of mutation
 B - a potion of ambrosia {unknown}
 G - 2 potions of attraction
 V - 2 potions of berserk rage {unknown}
Miscellaneous
 Q - a phial of floods


   Skills:
 + Level 9.9 Fighting
 + Level 10.1 Throwing
 + Level 5.3 Armour
 + Level 8.1 Dodging
 + Level 6.0 Shields
 + Level 11.9 Unarmed Combat
 * Level 12.6 Shapeshifting


You had 13 spell levels left.
You didn't know any spells.
Your spell library contained the following spells:

 Spells                   Type           Power      Damage    Failure   Level
 Freeze                   Ice            0%         1d3       69%         1
 Frozen Ramparts          Ice            0%         1d1       96%         3
 Hailstorm                Conj/Ice       0%         3d5       96%         3
 Animate Dead             Necr           0%         N/A       100%        4
 Borgnjor's Vile Clutch   Necr/Erth      0%         N/A       100%        5
 Death Channel            Necr           0%         N/A       100%        6


Dungeon Overview and Level Annotations

Branches:
Dungeon (11/15)            Temple (1/1) D:4            Lair (5/5) D:11
  Swamp (0/4) Lair:2       Spider (0/4) Lair:2        Slime (0/5) Lair:4
    Orc (0/2) D:11         Bailey (visited)

Altars:
Ashenzari
Cheibriados
Dithmenos
Elyvilon
Fedhas
Gozag
Hepliaklqana
Kikubaaqudgha
Nemelex Xobeh
Okawaru
Qazlal
Ru
Sif Muna
Trog
Uskayaw
Vehumet
Wu Jian
Xom
Yredelemnul
Zin
The Shining One

Shops:
D:3 =   D:11 ?::!:

Annotations:
Temple 2 transporters


Innate Abilities, Weirdness & Mutations

You are a hulking beast.
Your limbs bulge with bestial killing power. (Slay +4)
You are too large for most types of armour.
You have claws for hands.
Your natural rate of healing is unusually fast.
You are covered in fur. (AC +1)
You have tough skin. (AC +1)


Message History

Trog accepts your kill.
You hit the blink frog. You burn the blink frog. You hit the cane toad.
You burn the cane toad. You barely miss the cane toad.
You feel sick. The blink frog hits you!
* * * LOW HITPOINT WARNING * * *
You block the cane toad's attack. The cane toad stings you!
* * * LOW HITPOINT WARNING * * *
You are more poisoned.
The cane toad poisons you! The cane toad stings you!
* * * LOW HITPOINT WARNING * * *
You are lethally poisoned!
The cane toad poisons you! You block the cane toad's attack.
You feel better. The cane toad misses you.
The blink frog blinks!
You block the cane toad's attack.
The blink frog hits you but does no damage.
You hit the cane toad but do no damage.
The cane toad is heavily wounded.
You closely miss the blink frog. You slash the cane toad!
You burn the cane toad. You miss the blink frog.
The blink frog barely misses you. You block the cane toad's attack.
The blink frog hits you but does no damage.
You block the cane toad's attack.
The blink frog hits you but does no damage. x2
The cane toad completely misses you. You block the blink frog's attack.
The cane toad stings you!
* * * LOW HITPOINT WARNING * * *
You hit the cane toad. You burn the cane toad.
The cane toad is heavily wounded.
You slash the blink frog! You burn the blink frog.
You kill the blink frog!
Trog accepts your kill.
You miss the blink frog. You slash the blink frog! You burn the blink frog.
You hit the cane toad but do no damage. You block the blink frog's attack.
The blink frog closely misses you. You block the cane toad's attack.
The cane toad stings you!
* * * LOW HITPOINT WARNING * * *
You are poisoned.
The cane toad poisons you! You block the blink frog's attack.
The blink frog misses you. The cane toad stings you!
You die...

##### ####.#[########### #### ##
###........#P.#..#.####..#######.
....................§............
.##..#.....÷.....................
#.##.##.........FF...............
##....#........†h†.........§.....
................FF...............
.P...P#.....................§....
#.....#..........................
##....##.........................
##...#†.................#........
###.##...............#####.......
##...##.............## #.......
...................## ###..[..


You could see 2 cane toads and 2 blink frogs.

Vanquished Creatures
  An orc warlord (Bailey)
  Josephine (D:11)
  Erolcha (D:9)
  The ghost of Seabass1289 the Devastator, a journeyman TeCj of Vehumet (Lair:1)
  A hydra (Lair:5)
  A catoblepas (Lair:4)
  2 boulder beetles
  4 two-headed ogres
  A skyshark (Lair:2)
  An orb spider (Lair:2)
  A lindwurm (Lair:1)
  Maurice (D:11)
  A cyclops (D:11)
  15 elephants
  10 black mambas
  18 cane toads
  2 rime drakes
  8 komodo dragons
  4 trolls
  A hornet (D:9)
  3 polar bears
  16 blink frogs
  A slime creature (D:7)
  16 yaks
  Grum (D:11)
  5 wraiths (D:11)
  2 wyverns
  2 basilisks
  4 vampire mosquitoes
  4 steam dragons
  An acid dragon (D:9)
  20 water moccasins
  13 orc warriors
  4 sky beasts
  A black bear (Lair:1)
  13 ogres
  10 wolves
  5 centaurs
  3 kobold brigands
  3 phantoms
  14 bullfrogs
  4 gnoll sergeants
  4 scorpions
  4 wights (D:7)
  15 killer bees
  6 howler monkeys
  2 bombardier beetles
  4 gnoll boudas
  12 hounds
  A jelly (D:6)
  15 orc priests
  3 sleepcaps
  15 orc wizards
  5 iguanas
  32 gnolls
  8 adders
  A shadow imp (D:6)
  A white imp (D:5)
  2 ufetubi (D:7)
  2 dart slugs (D:1)
  2 ribbon worms (D:2)
  49 orcs
  8 bats
  7 endoplasms
  3 giant cockroaches
  7 hobgoblins
  10 jackals
  16 kobolds
  2 quokkas
  16 ball pythons
  6 frilled lizards
  16 goblins
  6 rats
500 creatures vanquished.

Notes
Turn   | Place    | Note
-------+----------+-------------------------------------------
     0 | D:1      | KittyFluff the Troll Shapeshifter began the quest for the
                  | Orb.
     0 | D:1      | Reached XP level 1. HP: 18/18 MP: 0/0
   155 | D:1      | Reached skill level 1 in Fighting
   162 | D:1      | Reached XP level 2. HP: 27/27 MP: 1/1
   361 | D:1      | Found a faded altar of an unknown god.
   604 | D:1      | Reached XP level 3. HP: 33/33 MP: 2/2
  1073 | D:2      | Reached XP level 4. HP: 41/41 MP: 3/3
  1237 | D:2      | Reached skill level 4 in Shapeshifting
  1563 | D:3      | Reached XP level 5. HP: 46/49 MP: 4/4
  1822 | D:3      | Reached XP level 6. HP: 50/57 MP: 5/5
  1879 | D:3      | Found Xiugh's Jewellery Shop.
  2240 | D:4      | Found a blossoming altar of Fedhas.
  2277 | D:4      | Reached skill level 5 in Shapeshifting
  2302 | D:4      | Found a hazy altar of Hepliaklqana.
  2419 | D:4      | Reached XP level 7. HP: 66/66 MP: 6/6
  2602 | D:4      | Found a sparkling altar of Nemelex Xobeh.
  2684 | D:4      | Found a staircase to the Ecumenical Temple.
  2700 | Temple   | Found a transporter.
  2700 | Temple   | Found a transporter.
  2700 | Temple   | Found a transporter.
  2700 | Temple   | Found a transporter.
  2700 | Temple   | Entered the Ecumenical Temple
  2723 | Temple   | Became a worshipper of Trog the Wrathful
  2888 | D:5      | Entered Level 5 of the Dungeon
  3218 | D:5      | Reached skill level 6 in Shapeshifting
  3305 | D:5      | Found a shimmering blue altar of Sif Muna.
  3407 | D:5      | Reached skill level 5 in Unarmed Combat
  3652 | D:6      | Reached XP level 8. HP: 69/75 MP: 7/7
  3834 | D:6      | Reached skill level 7 in Shapeshifting
  3839 | D:6      | Reached * piety under Trog
  3901 | D:6      | Reached XP level 9. HP: 82/84 MP: 8/8
  3903 | D:6      | Noticed a troll
  3912 | D:6      | Killed a troll
  4006 | D:6      | Reached skill level 5 in Dodging
  4006 | D:6      | Reached skill level 8 in Shapeshifting
  4134 | D:6      | Reached skill level 5 in Fighting
  4151 | D:6      | Reached ** piety under Trog
  4455 | D:6      | Reached skill level 9 in Shapeshifting
  4455 | D:6      | Reached XP level 10. HP: 88/96 MP: 9/9
  4778 | D:6      | Reached *** piety under Trog
  5036 | D:7      | Identified 4 scrolls of acquirement
  5036 | D:7      | Acquired a manual of Fighting
  5053 | D:7      | Acquired an amulet of reflection
  5060 | D:7      | Acquired a manual of Unarmed Combat
  5170 | D:7      | Reached skill level 1 in Throwing
  5170 | D:7      | Reached skill level 1 in Shields
  5298 | D:7      | Found a snail-covered altar of Cheibriados.
  5304 | D:7      | Found a broken altar of Ashenzari.
  5387 | D:7      | Found a glowing silver altar of Zin.
  5457 | D:7      | Found a flagged portal.
  5490 | Bailey   | Entered a bailey
  5533 | Bailey   | Noticed an orc warlord
  5632 | Bailey   | Reached **** piety under Trog
  5778 | Bailey   | Found a runed translucent gate.
  5909 | Bailey   | Found a runed translucent gate.
  5912 | Bailey   | Found a runed translucent gate.
  5959 | Bailey   | Killed an orc warlord
  5960 | Bailey   | Reached skill level 1 in Armour
  6071 | Bailey   | Identified the +7 trident "Zaghistra" {protect, rF+ Will-
                  | Str+6 Stlth+}
  6409 | D:7      | Found an ornate altar of the Wu Jian Council.
  6472 | D:7      | Found a basalt altar of Yredelemnul.
  6723 | D:7      | Reached XP level 11. HP: 107/107 MP: 10/10
  6740 | D:8      | Identified the +1 trident of Hutuwa {freeze, *Slow rElec
                  | Int+5}
  6850 | D:8      | Found a radiant altar of Vehumet.
  7139 | D:7      | Noticed a two-headed ogre
  7140 | D:7      | Reached skill level 10 in Shapeshifting
  7151 | D:7      | Killed a two-headed ogre
  7152 | D:7      | Reached XP level 12. HP: 53/115 MP: 11/11
  8029 | D:9      | Noticed Erolcha
  8040 | D:9      | Killed Erolcha
  8281 | D:9      | Noticed a two-headed ogre
  8287 | D:9      | Killed a two-headed ogre
  8332 | D:10     | Entered Level 10 of the Dungeon
  8801 | D:10     | Noticed a two-headed ogre
  8809 | D:10     | Killed a two-headed ogre
  8968 | D:10     | Reached ***** piety under Trog
  9476 | D:11     | Found a staircase to the Lair.
  9481 | D:11     | Noticed Maurice
  9492 | D:11     | Killed Maurice
  9596 | D:11     | Noticed Josephine
  9598 | D:11     | Noticed Grum
  9617 | D:11     | Killed Josephine
  9681 | D:11     | Killed Grum
  9875 | D:11     | Found Quock's Distillery.
  9887 | D:11     | Bought a potion of heal wounds for 85 gold pieces
  9889 | D:11     | Found Ketan's Book Shop.
  9948 | D:11     | Noticed a two-headed ogre
  9958 | D:11     | Killed a two-headed ogre
  9959 | D:11     | Reached skill level 11 in Shapeshifting
 10015 | D:11     | Noticed a boulder beetle
 10043 | D:11     | Killed a boulder beetle
 10153 | D:11     | Found Fuimenown's Book Boutique.
 10180 | D:11     | Found Velel's Book Shop.
 10249 | D:11     | Reached skill level 10 in Unarmed Combat
 10282 | D:11     | Found Caobbass's Magic Scroll Boutique.
 10392 | D:11     | Found a staircase to the Orcish Mines.
 10625 | Lair:1   | Entered Level 1 of the Lair of Beasts
 10847 | Lair:1   | Found a transporter.
 10926 | Lair:1   | Reached XP level 13. HP: 126/127 MP: 12/12
 11045 | Lair:1   | Found a transporter.
 11314 | Lair:1   | Identified the +1 falchion of Doors {venom, Will+ Int+3}
 11343 | Lair:1   | Noticed Seabass1289's ghost (journeyman TeCj)
 11405 | Lair:1   | Received a gift from Trog
 11430 | Lair:1   | Killed Seabass1289's ghost
 11722 | Lair:2   | Found a hole to the Spider Nest.
 11838 | Lair:2   | Found a staircase to the Swamp.
 12158 | Lair:2   | Reached skill level 5 in Shields
 13107 | Lair:3   | Reached skill level 12 in Shapeshifting
 13797 | Lair:4   | Reached XP level 14. HP: 140/140 MP: 13/13
 13803 | Lair:4   | Reached skill level 5 in Armour
 13976 | Lair:4   | Found a staircase to the Slime Pits.
 14003 | Lair:5   | Entered Level 5 of the Lair of Beasts
 14131 | Lair:5   | Reached ****** piety under Trog
 14132 | Lair:5   | Reached skill level 10 in Throwing
 14195 | Lair:4   | Received a gift from Trog
 14809 | Lair:5   | Slain by a cane toad

Illustrated notes

Levels and vault maps discovered:
D:1:      minmay_arrival_arboretum_small, layout_loops_ring,
          dreamdust_ecumenical_altar_grove
D:2:      minmay_angry_zag, layout_rooms, minivault_4, minmay_cupped
D:3:      layout_basic, serial_shops, shop_statue, dk_noncrumbling_3,
          serial_park_tiny_1
D:4:      layout_gridville, nicolae_hepliaklqana_hazy_memory,
          nemelex_xobeh_ov_fountains_minmay, fedhas_ov_isle_minmay,
          lemuel_round_altar, minmay_temple_entry_ruins
D:5:      layout_basic, lemuel_crystal_altar, reono_crystal_passage
D:6:      lemuel_castle_with_subvaults [lemuel_castle_interior_original],
          layout_cave_pools, minmay_alternating_orb
D:7:      minmay_klotski, layout_loops_corners, mainiacjoe_overflow_alcove_2,
          zin_academy, overflow_temple_1_default,
          mainiacjoe_overflow_catwalk_spiral, enter_bailey_5
D:8:      layout_basic, mainiacjoe_overflow_concentric_impassable
D:9:      layout_loops_ring, uniq_erolcha
D:10:     layout_basic
D:11:     layout_stronghold, david_lair_shrubbed,
          kennysheep_orc_monster_closet_entryway, serial_shops,
          nicolae_shop_tiny_waterfront, shop, nicolae_shop_behind_doors,
          nicolae_shop_peninsula, nicolae_shop_temple_entry_statues_fountains,
          mumra_transporter_accident, uniq_maurice, uniq_josephine, uniq_grum
Temple:   hellmonk_temple_divided_pantheon
Lair:1:   layout_loops_ring, nzn_ghost_randoct, chequers_serial_rivers_micro_b
Lair:2:   layout_loops_ring, swamp_mist, nicolae_spider_entry_orb_guardian,
          minivault_24, infiniplex_staircase_pool_2
Lair:3:   layout_regular_city, serial_rivers, chequers_serial_rivers_micro_d,
          chequers_serial_rivers_large_b, chequers_serial_rivers_large_a,
          chequers_serial_rivers_micro_a, chequers_serial_rivers_room_a
Lair:4:   layout_roguey, dpeg_slime_entry_enclosed
Lair:5:   cheibrodos_lair_end_hotspot, layout_regular_city

Skill      XL: |  1  2  3  4  5  6  7  8  9 10 11 12 13 14 |
---------------+-------------------------------------------+-----
Fighting       | 1 2 3 4 5 6 8 9 |  9.9
Dodging        | 2 3 4 5 6 7 8 |  8.1
Shapeshifting  | 4 5 6 7 9 10 11 12 | 12.6
Unarmed Combat | 4 5 6 7 8 10 11 | 11.9
Throwing       | 8 9 10 | 10.1
Shields        | 2 4 5 6 |  6.0
Armour         | 1 3 4 5 |  5.3

Action                     |  1- 3 |  4- 6 |  7- 9 | 10-12 | 13-15 || total
---------------------------+-------+-------+-------+-------+-------++-------
  Melee: Unarmed           |   106 |   148 |   204 |   646 |   416 ||  1520
         Punch             |     4 |     4 |     7 |     2 |       ||    17
         Hand axe          |       |       |       |       |   197 ||   197
  Throw: Stone             |       |       |    17 |    11 |       ||    28
 Invoke: Berserk           |       |       |       |     1 |       ||     1
    Use: Scroll            |       |     2 |       |    14 |     6 ||    22
         Potion            |       |       |       |     1 |     3 ||     4
 Armour: Robe              |    66 |    94 |   101 |       |       ||   261
         Animal skin       |     2 |       |       |       |       ||     2
         Steam dragon scal |       |       |    20 |   140 |       ||   160
         Troll leather arm |       |       |       |   185 |   498 ||   683
         Skin              |       |       |       |       |    28 ||    28
  Dodge: Dodged            |    41 |    67 |   103 |   195 |   290 ||   696
  Block: Kite shield       |       |       |       |   376 |   577 ||   953
         Reflection        |       |       |       |    20 |       ||    20
